Map: Cyber Forest LE

Players

Woah - Winner!

  • Race: Terran Terran
  • League: Diamond
  • Spawn Location: 5:00

WildGuy

  • Race: Protoss Protoss
  • League: Diamond
  • Spawn Location: 11:00

VOD

Have the link to the VOD?

Description

Time

  • Played on: June 14, 2019, 5:03 p.m.
  • Length: 10:49
Show
View Real Time Build Order
Export as new Build Order

Woah Terran - Winner!

Build Orders: Reaper Expand 

Get SALT Encoding   

  12  0:01  SCV  
  13  0:13  SCV  
  14  0:17  Supply Depot  
  14  0:26  SCV  
  15  0:39  SCV  
  16  0:43  Barracks  
  16  0:45  Refinery  
  16  0:51  SCV  
  17  1:03  SCV  
  18  1:15  SCV  
  19  1:29  Orbital Command  
  19  1:30  Reaper  
  20  1:43  Command Center  
  20  1:55  SCV  
  21  2:02  Supply Depot, Marine  
  21  2:07  SCV  
  23  2:11  Factory  
  23  2:20  Refinery  
  23  2:24  SCV  
  23  2:27  Barracks Reactor  
  23  2:29  Barracks  
  24  2:36  SCV  
  25  2:48  SCV  
  26  3:00  SCV  
  26  3:01  Barracks  
  26  3:04  Starport  
  27  3:16  SCV  
  28  3:24  Marine x2  
  28  3:25  Barracks Tech Lab  
  30  3:28  SCV, Factory Tech Lab  
  31  3:37  Engineering Bay  
  31  3:54  SCV  
  31  4:02  Barracks Reactor  
  31  4:03  Stimpack  
  31  4:06  SCV  
  31  4:07  Orbital Command  
  32  4:11  Marine x3  
  32  4:14  Factory Tech Lab  
  35  4:18  SCV  
  36  4:25  Bunker  
  36  4:28  Marine  
  36  4:29  Marine  
  36  4:30  SCV  
  39  4:33  SCV  
  40  4:39  Raven  
  40  4:44  Supply Depot x2  
  42  4:46  SCV  
  42  4:47  SCV, Refinery  
  42  4:48  Refinery  
  42  4:49  Marine  
  42  4:50  Marine  
  46  5:06  SCV x2, Marine x3  
  46  5:07  Terran Infantry Weapons Level 1  
  51  5:15  Marine  
  51  5:18  SCV  
  53  5:27  SCV  
  54  5:30  SCV, Medivac  
  54  5:31  Medivac  
  54  5:34  Command Center  
  54  5:35  Marauder, Marine  
  62  5:43  SCV, Supply Depot, Marauder, Marine  
  62  5:44  SCV, Supply Depot  
  62  5:48  Combat Shield  
  67  5:58  Siege Tank  
  70  6:04  SCV  
  70  6:05  SCV  
  70  6:09  Marauder  
  70  6:10  Marauder  
  76  6:28  Barracks x2  
  76  6:31  Marauder  
  78  6:33  Siege Tank, Barracks  
  78  6:39  Marine x2  
  82  6:40  Marine  
  82  6:45  SCV  
  82  6:46  Supply Depot  
  83  7:12  Marine x3  
  83  7:13  Marauder  
  88  7:29  Marine x2  
  78  7:46  SCV x2  
  78  7:50  Terran Infantry Armor Level 1  
  80  7:52  Armory  
  80  7:53  Engineering Bay  
  80  7:54  Barracks Tech Lab x2, Barracks Reactor  
  80  7:55  Siege Tank  
  80  7:58  SCV  
  84  8:03  Orbital Command  
  84  8:04  Liberator  
  81  8:06  Marine x3  
  81  8:07  Marauder  
  81  8:11  SCV x2  
  88  8:23  Liberator  
  88  8:24  Marine x2  
  88  8:25  Marauder  
  95  8:27  Siege Tank  
  95  8:28  Marauder  
  92  8:45  Marauder, Marine x3  
  92  8:46  Marauder x2  
  92  8:47  SCV, Liberator  
  102  8:49  Marauder  
  104  8:59  SCV x3, Siege Tank  
  113  9:11  SCV x2  
  113  9:12  Starport  
  113  9:16  Sensor Tower  
  115  9:23  Marauder x2, Marine x3  
  115  9:24  Marine  
  113  9:50  Orbital Command  
  97  10:03  Marauder x2, Marine x3  
  97  10:04  Marauder  
  97  10:05  Starport Tech Lab  
  106  10:11  Marine  
  106  10:12  Marauder  
  106  10:13  SCV x2  
  111  10:20  Marine  
  111  10:21  Marine  
  113  10:25  Marauder x2  
Show
View Real Time Build Order
Export as new Build Order

WildGuy Protoss 

Build Orders: Nexus First, Colossus Rush 

Get SALT Encoding   

  12  0:01  Probe  
  13  0:13  Probe  
  14  0:17  Pylon  
  14  0:25  Probe  
  15  0:33  Probe  
  15  0:41  Probe  
  17  0:52  Probe  
  18  1:04  Nexus, Probe  
  19  1:12  Probe  
  20  1:20  Gateway  
  20  1:21  Probe  
  21  1:28  Assimilator  
  21  1:33  Probe  
  21  1:37  Pylon  
  22  1:45  Probe  
  23  1:56  Assimilator  
  23  1:57  Probe  
  24  2:12  Probe  
  24  2:14  Cybernetics Core, Probe  
  25  2:20  Probe  
  25  2:22  Probe  
  26  2:25  Zealot  
  26  2:29  Probe  
  30  2:31  Probe  
  30  2:32  Gateway  
  32  2:40  Probe  
  32  2:43  Probe  
  33  2:52  Stalker  
  33  2:53  Warp Gate  
  34  3:01  Probe x2  
  35  3:13  Probe x2  
  37  3:25  Probe x2  
  38  3:32  Stalker  
  38  3:33  Stalker  
  42  3:37  Probe x2  
  42  3:39  Robotics Facility  
  43  3:49  Probe x2  
  44  3:58  Probe x2  
  46  4:14  Gateway  
  46  4:18  Gateway  
  46  4:19  Pylon x2  
  46  4:35  Robotics Bay  
  46  4:37  Probe x2  
  48  4:43  Zealot x2  
  52  4:47  Immortal  
  52  4:49  Probe x2  
  58  5:01  Assimilator, Probe x2  
  58  5:03  Assimilator  
  58  5:06  Pylon  
  60  5:08  Pylon  
  60  5:09  Pylon  
  60  5:12  Zealot  
  62  5:24  Probe x2  
  64  5:33  Probe  
  64  5:36  Pylon  
  64  5:37  Probe  
  64  5:38  Pylon  
  64  5:41  Probe  
  66  5:46  Gateway  
  66  5:47  Gateway  
  66  5:49  Probe  
  68  5:50  Extended Thermal Lance  
  68  5:51  Colossus  
  74  5:57  Zealot x2  
  74  5:58  Zealot  
  74  5:59  Probe  
  74  6:01  Probe  
  83  6:11  Probe  
  83  6:13  Probe  
  84  6:22  Probe  
  84  6:23  Forge  
  84  6:24  Forge  
  85  6:26  Probe  
  85  6:28  Gateway  
  85  6:30  Probe  
  86  6:34  Probe  
  86  6:36  Zealot x3  
  86  6:39  Probe  
  94  6:42  Zealot x2, Probe  
  100  6:51  Colossus  
  99  7:08  Pylon  
  99  7:09  Pylon  
  79  7:27  Probe x2  
  67  7:41  Zealot x4  
  67  7:42  Stalker  
  67  7:43  Stalker  
  75  7:48  Probe x2  
  77  8:00  Probe  
  77  8:04  Probe  
  79  8:06  Colossus  
  86  8:12  Probe  
  86  8:15  Stalker x4  
  86  8:16  Stalker, Probe  
  97  8:24  Probe  
  98  8:28  Probe  
  98  8:29  Zealot  
  97  8:35  Probe  
  97  8:37  Probe  
  97  8:40  Zealot  
  97  8:41  Zealot  
  101  8:43  Probe  
  102  9:26  Pylon x2  
  102  9:28  Pylon  
  102  9:43  Colossus, Pylon  
  102  9:44  Probe x2  
  102  9:45  Pylon  
  92  9:56  Probe x2  
  60  10:08  Probe x2  
  60  10:10  Sentry x6  
  74  10:20  Probe  
  75  10:23  Nexus  
  69  10:37  Stalker x5  
  69  10:38  Stalker  
Tags
 
Add a new tag
Caveats
  • Supply blocks, unpowered buildings, or Contaminate may cause inaccurate times.
  • Supply counts are checked every 10 seconds.